 Dungeon Crawl Stone Soup version 0.27-a0-1147-gb3d8e82157 (webtiles) character file.

Game seed: 6545313348749945978

2702 HoaS the Grappler (level 9, 0/81 HPs)
             Began as a Tengu Berserker on May 11, 2021.
             Was a High Priest of Trog.
             Succumbed to a killer bee's poison
             ... on level 6 of the Dungeon.
             The game lasted 00:14:14 (6403 turns).

HoaS the Grappler (Tengu Berserker)                 Turns: 6403, Time: 00:14:14

Health: 0/81       AC: 16    Str: 20    XL:     9   Next: 65%
Magic:  10/10      EV:  8    Int:  8    God:    Trog [*****.]
Gold:   348        SH:  0    Dex: 14    Spells: 8/8 levels left

rFire    . . .     SeeInvis +     - Unarmed
rCold    . . .     Faith    .   (no shield)
rNeg     . . .     Spirit   .   d - +0 plate armour
rPois    .         Reflect  .   (helmet restricted)
rElec    .         Harm     .   s - +2 cloak
rCorr    .         Rampage  .   w - +0 pair of gloves
Will     +....                  (boots unavailable)
Stlth    ..........             (no amulet)
HPRegen  0.23/turn              c - ring of willpower
MPRegen  0.12/turn              b - ring of see invisible

@: berserking (expiring), lethally poisoned (0 -> -6), flying quickly and
evasively, very quick
A: beak, talons 3, nimble flight
a: Renounce Religion, Berserk, Trog's Hand, Brothers in Arms


You were on level 6 of the Dungeon.
You worshipped Trog.
Trog was extremely pleased with you.
You visited 1 branch of the dungeon, and saw 7 of its levels.
You also visited: Ossuary.

You collected 348 gold pieces.

Inventory:

Missiles
 j - 2 atropa-tipped darts
 p - 2 throwing nets
Armour
 d - a +0 plate armour (worn)
 s - a +2 cloak (worn)
 w - a +0 pair of gloves (worn)
Jewellery
 b - a ring of see invisible (right hand)
 c - a ring of willpower (left hand)
Wands
 x - a wand of charming (6)
Scrolls
 f - 3 scrolls of teleportation
 k - a scroll of fog
 m - a scroll of holy word
 r - 2 scrolls of fear
 v - 2 scrolls of magic mapping
Potions
 a - a potion of berserk rage
 e - 4 potions of lignification
 g - a potion of flight {unknown}
 h - 6 potions of curing
 i - 5 potions of heal wounds
 l - a potion of mutation {unknown}
 n - 2 potions of attraction {unknown}
 o - 3 potions of might
 q - 2 potions of magic {unknown}
 t - 2 potions of degeneration {unknown}
 u - a potion of cancellation {unknown}


   Skills:
 * Level 5.0 Fighting
 + Level 3.7 Armour
 + Level 3.8 Dodging
 * Level 12.6 Unarmed Combat


You had 8 spell levels left.
You didn't know any spells.
Your spell library was empty.

Dungeon Overview and Level Annotations

Branches:
Dungeon (7/15)             Temple (0/1) D:6         Ossuary (visited)

Altars:
Hepliaklqana
Makhleb
Zin

Shops:
D:6 =


Innate Abilities, Weirdness & Mutations

You have a beak for a mouth.
You have claws for feet.
Your magical nature lets you fly swiftly and evasively.


Message History

You feel sick.
You feel your anger nearly subside.
* * * LOW HITPOINT WARNING * * *
You feel sick. The killer bee closely misses you.
You barely miss the killer bee. You claw the killer bee!
The killer bee is heavily wounded.
The killer bee stings you.
* * * LOW HITPOINT WARNING * * *
You are lethally poisoned!
The killer bee poisons you!
You closely miss the killer bee. Your kick misses the killer bee.
You peck the killer bee!
You feel the power of Trog in you as your rage grows.
You kill the killer bee!
Trog accepts your kill.
* * * LOW HITPOINT WARNING * * *
You feel sick.
Your Fighting skill increases to level 5!
You miss the killer bee. You claw the killer bee!
Your peck misses the killer bee.
The killer bee is severely wounded.
* * * LOW HITPOINT WARNING * * *
You feel sick.
The killer bee stings you but does no damage.
You miss the killer bee. Your kick misses the killer bee.
Your peck misses the killer bee.
The killer bee is severely wounded.
* * * LOW HITPOINT WARNING * * *
You feel sick.
The killer bee stings you but does no damage.
You closely miss the killer bee. Your kick misses the killer bee.
You peck the killer bee.
You kill the killer bee!
Trog accepts your kill.
* * * LOW HITPOINT WARNING * * *
You feel sick.
You closely miss the killer bee. You claw the killer bee.
Your punch misses the killer bee.
The killer bee is moderately wounded.
You die...

#.####...##...#
#.....
#.............#
###.####
#######...#...#
#...##.. #...#####
#.#.##.# #...#
#.#.##.#
#.>.#######.#.##(#
#...........#.....
#y#.############.#
#@#.###...## #.#
#.#.##..#..#####.#
#.#....###.......#
#.####..#.........
#.#####...########
#.......###
#########


You could see a killer bee.

Vanquished Creatures
  A deep elf pyromancer (D:6)
  Grinder (D:3)
  Sigmund (D:4)
  A wraith (Ossuary)
  Eustachio (D:5)
  An ice beast (D:6)
  A black bear (D:6)
  An ogre (D:6)
  A necrophage (D:5)
  A bullfrog (D:7)
  4 scorpions
  A water moccasin skeleton (D:4)
  2 killer bees (D:6)
  5 wights (D:6)
  Crazy Yiuf (D:3)
  An orc priest (D:5)
  2 hounds (D:5)
  2 centaur skeletons
  2 jellies
  A bullfrog skeleton (D:5)
  Terence (D:3)
  2 orc wizards (D:6)
  An iguana (D:4)
  A hound skeleton (D:5)
  A mummy (Ossuary)
  6 adders
  A howler monkey skeleton (D:5)
  A white imp (D:6)
  An ufetubus (D:5)
  An adder skeleton (D:4)
  An adder zombie (D:2)
  3 worms
  4 dart slugs (D:1)
  10 orcs
  17 endoplasms
  7 goblins
  6 hobgoblins
  16 jackals
  15 kobolds
  A quokka (D:1)
  7 ball pythons
  8 bats
  A frilled lizard (D:1)
  6 gnoll skeletons (Ossuary)
  6 kobold skeletons (Ossuary)
  12 orc skeletons (Ossuary)
  9 rats
176 creatures vanquished.

Vanquished Creatures (others)
  3 fungi (D:4)
  3 plants (D:2)
  5 toadstools (D:4)
11 creatures vanquished.

Grand Total: 187 creatures vanquished

Notes
Turn   | Place    | Note
-------+----------+-------------------------------------------
     0 | D:1      | HoaS the Tengu Berserker began the quest for the Orb.
     0 | D:1      | Reached XP level 1. HP: 14/14 MP: 2/2
    75 | D:1      | Reached XP level 2. HP: 12/19 MP: 3/3
   309 | D:1      | Reached skill level 4 in Unarmed Combat
   356 | D:1      | Found a faded altar of an unknown god.
   532 | D:1      | Reached XP level 3. HP: 22/23 MP: 4/4
  1012 | D:1      | Reached ** piety under Trog
  1481 | D:2      | Noticed a scorpion
  1487 | D:2      | Killed a scorpion
  1488 | D:2      | Reached skill level 5 in Unarmed Combat
  1488 | D:2      | Reached XP level 4. HP: 17/28 MP: 5/5
  1876 | D:1      | Reached skill level 6 in Unarmed Combat
  1970 | D:2      | Found a glowing silver altar of Zin.
  1986 | D:2      | Gained mutation: Your magical nature lets you fly swiftly
                  | and evasively. [Tengu growth]
  1986 | D:2      | Reached XP level 5. HP: 20/32 MP: 6/6
  2556 | D:3      | Reached *** piety under Trog
  2915 | D:3      | Noticed Grinder
  2922 | D:3      | Paralysed by Grinder for 3 turns
  2937 | D:3      | Killed Grinder
  2938 | D:3      | Reached skill level 8 in Unarmed Combat
  2938 | D:3      | Reached XP level 6. HP: 15/37 MP: 7/7
  3191 | D:3      | Found a runed translucent door.
  3192 | D:3      | Noticed Crazy Yiuf
  3298 | D:3      | Noticed Terence
  3304 | D:3      | Killed Terence
  3388 | D:3      | Killed Crazy Yiuf
  3450 | D:4      | Reached XP level 7. HP: 27/41 MP: 8/8
  3516 | D:4      | Reached skill level 9 in Unarmed Combat
  3523 | D:4      | Found a sand-covered staircase.
  3556 | Ossuary  | Entered an ossuary
  3556 | Ossuary  | Noticed a wraith
  3556 | Ossuary  | Noticed a wraith
  3556 | Ossuary  | Noticed a wraith
  3733 | Ossuary  | Noticed a wraith
  3751 | Ossuary  | Killed a wraith
  3919 | D:4      | Reached **** piety under Trog
  4034 | D:4      | Reached skill level 10 in Unarmed Combat
  4116 | D:4      | Noticed Sigmund
  4127 | D:4      | Killed Sigmund
  4128 | D:4      | Reached XP level 8. HP: 19/46 MP: 9/9
  4368 | D:4      | Found a burning altar of Makhleb.
  4481 | D:5      | Entered Level 5 of the Dungeon
  4504 | D:5      | Found a hazy altar of Hepliaklqana.
  4699 | D:5      | Reached skill level 11 in Unarmed Combat
  4977 | D:5      | Noticed Eustachio
  4990 | D:5      | Killed Eustachio
  5101 | D:5      | Identified the Almanac of the Unholy Entourage
  5385 | D:6      | Reached skill level 12 in Unarmed Combat
  5410 | D:6      | Reached XP level 9. HP: 51/51 MP: 10/10
  5820 | D:6      | Found a staircase to the Ecumenical Temple.
  5865 | D:6      | Found Lanozinu's Jewellery Emporium.
  6135 | D:6      | Reached ***** piety under Trog
  6154 | D:6      | Noticed a deep elf pyromancer
  6166 | D:6      | Killed a deep elf pyromancer
  6400 | D:6      | Reached skill level 5 in Fighting
  6400 | D:6      | HP: 4/81 [poisoned by a killer bee]
  6402 | D:6      | HP: 1/81 [poisoned by a killer bee]
  6403 | D:6      | Succumbed to a killer bee's poison

Illustrated notes

Levels and vault maps discovered:
D:1:      erik_arrival_cave_to_civilisation [erik_arrival_cave_to_hall],
          layout_loops_ring, chequers_ecumenical_altar_simple_redux,
          serial_rivers, chequers_serial_rivers_small_b,
          chequers_serial_rivers_micro_e, chequers_serial_rivers_large_b,
          chequers_serial_rivers_micro_c, chequers_serial_rivers_micro_d
D:2:      cheibrodos_old_hovel, layout_rooms, basic_altar
D:3:      layout_loops_cross, uniq_crazy_yiuf_cottage, uniq_terence,
          uniq_grinder
D:4:      cheibrodos_fertilizer, layout_basic, kennysheep_mini, enter_ossuary_5,
          uniq_sigmund
D:5:      layout_loops_ring, nicolae_hepliaklqana_hippocampus, uniq_eustachio
D:6:      layout_loops_ring, minmay_temple_entry_large_hall, serial_shops, shop,
          guppyfry_early_elven_hall
D:7:      layout_cave_pools, minmay_statues_item

Skill      XL: |  1  2  3  4  5  6  7  8  9 |
---------------+----------------------------+-----
Unarmed Combat | 4 5 6 8 10 12 | 12.6
Fighting       | 5 |  5.0
Armour         | 3 |  3.7
Dodging        | 3 |  3.8

Action                   |  1- 3 |  4- 6 |  7- 9 || total
-------------------------+-------+-------+-------++-------
Melee: Unarmed           |    68 |   108 |   248 ||   424
       Peck              |    16 |    16 |    47 ||    79
       Kick              |    15 |    29 |    65 ||   109
       Punch             |       |     1 |     6 ||     7
Throw: Dart              |       |     2 |       ||     2
Invok: Berserk           |     1 |     1 |     2 ||     4
  Use: Scroll            |     4 |     3 |     8 ||    15
       Potion            |       |     1 |       ||     1
Armor: Animal skin       |    10 |     8 |       ||    18
       Plate armour      |       |    21 |   131 ||   152
Dodge: Dodged            |    46 |    63 |    76 ||   185

Table legend: (Time is in decaauts)
 A = Elapsed time spent in this place.
 B = Non-inter-level travel time spent in this place.
 C = Inter-level travel time spent in this place.
 D = Time resting spent in this place.
 E = Time spent auto-exploring this place.
 F = Levels seen in this place.
 G = Mean time per level.
                   A        B        C        D        E       F      G
               +--------+--------+--------+--------+--------+-----+--------+
         Total |   6078 |   5923 |    155 |   1531 |   3292 |   8 |  759.8 |
       Dungeon |   5779 |   5624 |    155 |   1433 |   3202 |   7 |  825.6 |
       Ossuary |    298 |    298 |      0 |     98 |     89 |   1 |  298.0 |
               +--------+--------+--------+--------+--------+-----+--------+

Top non-repeatable levels by time:
     D:1: 1731 daAuts
     D:3: 925 daAuts
     D:6: 893 daAuts
     D:5: 790 daAuts
     D:2: 722 daAuts
     D:4: 658 daAuts
 Ossuary: 298 daAuts
     D:7: 57 daAuts
